 Dungeon Crawl Stone Soup version 0.17-a0-1648-g0a089d4 (webtiles) character file.

5633 nubinia the Thaumaturge (level 10, -4/52 HPs)
             Began as a Deep Elf Fire Elementalist on Aug 12, 2015.
             Was an Elder of Sif Muna.
             Slain by Stick's ghost (12 damage)
             ... on level 10 of the Dungeon.
             The game lasted 01:14:35 (13212 turns).

nubinia the Thaumaturge (DEFE)                     Turns: 13212, Time: 01:14:36

Health: -4/52      AC: 11    Str: 10    XL:     10   Next: 46%
Magic:  27/27      EV: 22    Int: 22    God:    Sif Muna [****..]
Gold:   471        SH:  0    Dex: 22    Spells: 5 memorised, 16 levels left

rFire  + + .     SeeInvis +     a - +3 dagger (protect)
rCold  x . .     Clarity  .     N - +1 leather armour {rF+}
rNeg   + . .     SustAt   .     (no shield)
rPois  .         Gourm    .     R - +0 hat {SInv}
rElec  .         Spirit   .     (no cloak)
rCorr  .         Warding  +     r - +1 pair of gloves
rMut   .         Stasis   .     (no boots)
MR     +....                    g - amulet of warding
Stlth  ++++......               G - ring of fire
                                F - ring of protection from magic

@: mighty, agile, exhausted, vulnerable, slowed, very slow, somewhat resistant
to hostile enchantments, stealthy
A: no striking features
a: Channel Energy, Forget Spell, Renounce Religion


You were on level 10 of the Dungeon.
You worshipped Sif Muna.
Sif Muna was greatly pleased with you.
You were hungry.

You visited 2 branches of the dungeon, and saw 11 of its levels.

You collected 590 gold pieces.
You spent 119 gold pieces at shops.

Inventory:

Hand weapons
 a - a +3 dagger of protection (weapon)
 f - a +0 dagger
Armour
 e - a +0 pair of gloves
 o - the +1 robe "Musyag" {*Corrode rF+ MR++ Int+3}
   (You found it on level 10 of the Dungeon)

   It affects your intelligence (+3).
   It protects you from fire.
   It affects your resistance to hostile enchantments.
   It may corrode your equipment when you take damage.
 p - a +0 robe
 r - a +1 pair of gloves (worn)
 t - a +0 helmet
 N - a +1 leather armour of fire resistance (worn)
 P - the +1 leather armour "Recifeuth" {-Cast +Blink rElec Int+5}
   (You found it on level 6 of the Dungeon)

   It affects your intelligence (+5).
   It insulates you from electricity.
   It lets you blink.
   It prevents spellcasting.
 R - a +0 hat of see invisible (worn)
Magical staves
 v - an uncursed staff of death
Jewellery
 g - an amulet of warding (around neck)
 w - an uncursed ring of flight
 F - a ring of protection from magic (left hand)
 G - a ring of fire (right hand)
Magical devices
 q - a wand of random effects (21)
 u - a wand of digging (0)
 O - a wand of random effects (23)
Scrolls
 k - 2 scrolls of amnesia
 x - 3 scrolls of magic mapping
 H - 2 scrolls of identify
 L - 3 scrolls of remove curse
 M - 2 scrolls of fog
Potions
 d - 2 potions of might
 i - a potion of ambrosia
 z - a potion of flight
 D - a potion of curing
Books
 b - a book of Flames

   Spells                             Type                      Level
   a - Flame Tongue                   Conjuration/Fire             1
   b - Throw Flame                    Conjuration/Fire             2
   c - Conjure Flame                  Conjuration/Fire             3
   d - Inner Flame                    Hexes/Fire                   3
   e - Sticky Flame                   Conjuration/Fire             4
   f - Fireball                       Conjuration/Fire             5
Comestibles
 c - 6 bread rations
 l - 3 beef jerkies
 m - 6 meat rations
 n - a slice of pizza
 A - 4 fruits
 B - 2 royal jellies
 C - a chunk of flesh


   Skills:
 + Level 1.2 Fighting
 + Level 0.8 Short Blades
 + Level 1.9 Armour
 + Level 6.1 Dodging
 + Level 5.7 Stealth
 + Level 11.2 Spellcasting
 + Level 8.6 Conjurations
 + Level 8.8 Fire Magic
 + Level 3.1 Invocations


You had 16 spell levels left.
You knew the following spells:

 Your Spells              Type           Power        Failure   Level  Hunger
a - Flame Tongue          Conj/Fire      #####        1%          1    None
b - Throw Flame           Conj/Fire      ######       1%          2    None
c - Conjure Flame         Conj/Fire      ######..     1%          3    None
d - Sticky Flame          Conj/Fire      ######..     1%          4    #......
e - Fireball              Conj/Fire      ######....   6%          5    ####...


Dungeon Overview and Level Annotations

Branches:
Dungeon (10/15)            Temple (1/1) D:5
   Lair: D:8-11         Orc: D:9-12

Altars:
Cheibriados
Dithmenos
Elyvilon
Gozag
Kikubaaqudgha
Nemelex Xobeh
Okawaru
Ru
Sif Muna
Trog
Vehumet
Xom

Shops:
D:4 *   D:5 (   D:9 =!

Annotations:
D:2 Sigmund
D:5 exclusion: crimson imp, Eustachio; Menkaure; matakusis's ghost, experienced DsGl
D:9 Ajdolov's ghost, experienced CeMo
D:10 Stick's ghost, powerful DsNe


Message History

You are no longer berserk.
You pass out from exhaustion.
You feel yourself slow down.
You are feeling hungry.
Stick's ghost is infused with unholy energy, but nothing happens.
Stick's ghost hits you but does no damage.
Stick's ghost hits you but does no damage.
You are electrocuted!
Stick's ghost hits you but does no damage.
You can move again.
Read which item? (? for menu, Esc to quit)
As you read the scroll labeled CASONIWIENN, it crumbles to dust.
Magic quickly surges around you.
It was a scroll of vulnerability.
Stick's ghost hits you but does no damage.
You are electrocuted!
* * * LOW HITPOINT WARNING * * *
Stick's ghost hits you.
* * * LOW HITPOINT WARNING * * *
You are electrocuted!
You die...

### ### # #
######.#########.############
.####..........W@.###..##........
...##W.......###### ##...........
#.............# ##...........
#..####.......# #............
..## ####....# #............ .##
###### #............ .#####
#............ .....####
#...........# ........#
#...........#


You could see Stick's ghost.

Vanquished Creatures
  A troll (D:9)
  A two-headed ogre (D:9)
  3 hippogriffs
  4 yaks (D:9)
  2 wasps
  An ice beast (D:6)
  3 black bears
  3 sky beasts
  A necrophage (D:10)
  2 ogres
  4 phantoms
  2 centaurs
  2 big kobolds (D:7)
  3 giant frogs
  A wyvern skeleton (D:7)
  4 scorpions
  2 water moccasin skeletons
  7 killer bees
  2 vampire bats (D:7)
  A crimson imp (D:9)
  A giant frog zombie (D:6)
  A centaur zombie (D:7)
  3 orc priests (D:6)
  2 jellies
  5 iguanas
  2 centaur skeletons
  A hound (D:7)
  A giant frog skeleton (D:10)
  12 orc wizards
  6 worker ants
  A hound skeleton (D:10)
  A hound zombie (D:6)
  2 worker ant zombies
  4 gnolls (D:2)
  6 adders
  2 worms
  An adder skeleton (D:4)
  4 giant geckos
  34 orcs
  5 bat skeletons (D:7)
  A bat zombie (D:7)
  7 goblins
  8 hobgoblins
  17 jackals
  2 ball pythons
  9 bats
  7 giant cockroaches
  A giant gecko skeleton (D:7)
  A giant gecko zombie (D:9)
  9 giant newts
  A jackal skeleton (D:4)
  13 kobolds
  9 quokkas
  A quokka skeleton (D:4)
  3 rats
232 creatures vanquished.

Vanquished Creatures (others)
  An orc wizard (D:7)
1 creature vanquished.

Grand Total: 233 creatures vanquished

Notes
Turn   | Place    | Note
--------------------------------------------------------------
     0 | D:1      | nubinia the Deep Elf Fire Elementalist began the quest for the Orb.
     0 | D:1      | Reached XP level 1. HP: 10/10 MP: 6/6
   434 | D:1      | Reached XP level 2. HP: 15/15 MP: 6/8
   438 | D:1      | Learned a level 2 spell: Throw Flame
  1325 | D:2      | Reached XP level 3. HP: 19/19 MP: 7/10
  1330 | D:2      | Learned a level 3 spell: Conjure Flame
  1442 | D:2      | Noticed Sigmund
  1734 | D:2      | Found an opulent altar of Gozag.
  1880 | D:2      | Reached skill level 4 in Fire Magic
  1888 | D:2      | Reached XP level 4. HP: 24/24 MP: 3/12
  2417 | D:3      | Learned a level 4 spell: Sticky Flame
  2607 | D:3      | Reached XP level 5. HP: 28/28 MP: 10/13
  3324 | D:4      | Found Zamoutri's Assorted Antiques.
  3339 | D:4      | Bought a viscous black potion for 22 gold pieces
  3339 | D:4      | Bought a grey potion for 22 gold pieces
  3339 | D:4      | Bought a scroll labeled NEUTAX HOTESE for 25 gold pieces
  3339 | D:4      | Bought a scroll labeled HIZIHE XOTWU for 25 gold pieces
  3339 | D:4      | Bought a scroll labeled ACVEDD LAWK for 25 gold pieces
  3509 | D:4      | Reached skill level 5 in Spellcasting
  3857 | D:4      | Noticed a phantom
  3866 | D:4      | Killed a phantom
  3866 | D:4      | Reached XP level 6. HP: 21/32 MP: 4/16
  4753 | D:4      | Found a white marble altar of Elyvilon.
  4771 | D:4      | Reached skill level 5 in Fire Magic
  5094 | D:4      | Noticed a black bear
  5099 | D:4      | Killed a black bear
  5441 | D:5      | Entered Level 5 of the Dungeon
  5456 | D:5      | Reached XP level 7. HP: 36/36 MP: 10/17
  5639 | D:5      | Noticed Eustachio
  5945 | D:5      | Reached skill level 6 in Spellcasting
  6204 | D:5      | Found a staircase to the Ecumenical Temple.
  6223 | Temple   | Entered the Ecumenical Temple
  6232 | Temple   | Became a worshipper of Sif Muna the Loreminder
  6262 | D:5      | Reached skill level 7 in Spellcasting
  6598 | D:5      | Noticed Menkaure
  6617 | D:5      | Reached skill level 5 in Conjurations
  6705 | D:5      | Noticed matakusis's ghost (experienced DsGl)
  7259 | D:5      | Found Xyfouddi's Weapon Emporium.
  7300 | D:6      | Reached XP level 8. HP: 42/42 MP: 16/21
  7397 | D:5      | Acquired Sif Muna's first power
  8020 | D:6      | Reached skill level 8 in Spellcasting
  8139 | D:6      | Found a shimmering altar of Xom.
  8304 | D:6      | Got a faintly humming leather armour
  8748 | D:7      | Acquired Sif Muna's second power
  8885 | D:7      | Reached skill level 9 in Spellcasting
  8981 | D:7      | Reached XP level 9. HP: 46/46 MP: 19/24
  9013 | D:7      | Learned a level 5 spell: Fireball
  9033 | D:7      | Reached skill level 5 in Dodging
  9239 | D:7      | Found a bloodstained altar of Trog.
  9421 | D:7      | Identified the +1 leather armour "Recifeuth" {-Cast +Blink rElec Int+5} (You found it on level 6 of the Dungeon)
  9966 | D:7      | Found an ancient bone altar of Kikubaaqudgha.
 10185 | D:8      | Reached skill level 1 in Invocations
 10204 | D:8      | Reached skill level 5 in Stealth
 10442 | D:8      | Found a shadowy altar of Dithmenos.
 10502 | D:8      | Identified a scroll of acquirement
 10565 | D:8      | Found a snail-covered altar of Cheibriados.
 10592 | D:8      | Reached skill level 1 in Fighting
 10660 | D:9      | Noticed Ajdolov's ghost (experienced CeMo)
 10848 | D:9      | Found Qoag's Jewellery Shop.
 10851 | D:9      | Reached skill level 10 in Spellcasting
 11112 | D:9      | Found Tadah's Distillery.
 11175 | D:9      | Gained mutation: You expend magic power (3 MP) to strengthen your wands. [potion of mutation]
 11175 | D:9      | Gained mutation: Your magical capacity is low (-10% MP). [potion of mutation]
 11176 | D:9      | Lost mutation: You expend magic power (3 MP) to strengthen your wands. [potion of cure mutation]
 11176 | D:9      | Lost mutation: Your magical capacity is low (-10% MP). [potion of cure mutation]
 11496 | D:9      | Reached skill level 1 in Armour
 11593 | D:10     | Entered Level 10 of the Dungeon
 11596 | D:10     | Noticed a centaur skeleton
 11609 | D:10     | Killed a centaur skeleton
 11609 | D:10     | Reached XP level 10. HP: 33/52 MP: 15/26
 11797 | D:10     | Got a creamy pearl robe
 11808 | D:10     | Identified the +1 robe "Musyag" {*Corrode rF+ MR++ Int+3} (You found it on level 10 of the Dungeon)
 12053 | D:10     | Acquired Sif Muna's third power
 12428 | D:10     | Reached skill level 11 in Spellcasting
 12556 | D:10     | Noticed Stick's ghost (powerful DsNe)
 13212 | D:10     | Slain by Stick's ghost

Vault maps used:
D:1:      dpeg_arrival_houses_and_road
D:2:      nicolae_gozag_seed_capital, uniq_sigmund
D:3:      first_bread
D:4:      black_bear_nest_1, kennysheep_mini_moat, serial_shops, shop_coins
D:5:      minmay_temple_entry_large_hall, serial_shops, shop, uniq_eustachio,
          uniq_menkaure
D:6:      xom_butterflies
D:7:      kennysheep_vampire_church, bloody_trog
D:8:      kennysheep_mini, grunt_dithmenos_shadows
D:9:      serial_shops, shop, nicolae_shop_waterfront
Temple:   circular_temple_12

Action                   |  1- 3 |  4- 6 |  7- 9 | 10-12 || total
-------------------------+-------+-------+-------+-------++-------
Melee: Dagger            |    30 |    15 |    49 |    39 ||   133
 Cast: Flame Tongue      |    60 |    77 |   189 |    39 ||   365
       Throw Flame       |     7 |    43 |   106 |    15 ||   171
       Conjure Flame     |       |     1 |     4 |     2 ||     7
       Sticky Flame      |       |       |    13 |     7 ||    20
       Fireball          |       |       |     1 |     1 ||     2
Invok: Channel Energy    |       |       |    22 |     4 ||    26
Evoke: Wand              |       |       |       |     1 ||     1
  Use: Scroll            |       |     4 |    15 |     2 ||    21
       Potion            |       |     3 |     4 |     3 ||    10
 Stab: Sleeping          |     3 |     3 |     5 |     1 ||    12
  Eat: Chunk             |     3 |    11 |    22 |     6 ||    42
       Pizza             |       |       |     1 |       ||     1
